 Dungeon Crawl Stone Soup version 0.30.0-5-g1a98f26d00 (webtiles) character file.

Game seed: 10296246644213996404

9 SnakkuSnakku7 the Cudgeller (level 2, 0/24 HPs)
             Began as a Human Cinder Acolyte on May 13, 2023.
             Was a High Priest of Ignis.
             Succumbed to a goblin's poison
             ... on level 1 of the Dungeon.
             The game lasted 00:00:37 (591 turns).

SnakkuSnakku7 the Cudgeller (Human Cinder Acolyte)   Turns: 591, Time: 00:00:38

Health: 0/24       AC:  2    Str: 14    XL:     2   Next: 25%
Magic:  3/3        EV: 11    Int: 14    God:    Ignis [*****.]
Gold:   43         SH:  0    Dex:  8    Spells: 3/3 levels left

rFire   + . .        f - +0 short sword (venom)
rCold   . . .        (no shield)
rNeg    . . .        b - +0 robe
rPois   .            (no helmet)
rElec   .            (no cloak)
rCorr   .            (no gloves)
SInv    .            (no boots)
Will    .....        g - amulet of the acrobat
Stlth   +            (no ring)
HPRegen 0.24/turn    (no ring)
MPRegen 0.08/turn

%: acrobat
@: lethally poisoned (0 -> -21)
A: no striking features
a: Renounce Religion, Fiery Armour, Foxfire Swarm, Rising Flame


You were on level 1 of the Dungeon.
You worshipped Ignis.
Ignis was extremely pleased with you.
You visited 1 branch of the dungeon, and saw 1 of its levels.

You collected 43 gold pieces.

Inventory:

Hand Weapons
 a - a -1 mace of flaming
 f - a +0 short sword of venom (weapon)
Armour
 b - a +0 robe (worn)
Jewellery
 g - an amulet of the acrobat (around neck)
Scrolls
 c - a scroll of identify {unknown}
 d - a scroll of immolation {unknown}
 e - a scroll of noise {unknown}


   Skills:
 + Level 3.0 Fighting
 - Level 3.5 Maces & Flails
 - Level 1.0 Spellcasting
 - Level 3.0 Fire Magic


You had 3 spell levels left.
You didn't know any spells.
Your spell library contained the following spells:

 Spells                   Type           Power      Damage    Failure   Level
 Scorch                   Fire           18%        2d6       12%         2


Dungeon Overview and Level Annotations

Branches:
Dungeon (1/15)

Altars:


Message History

g - an amulet of the acrobat You start putting on your amulet.
You continue putting on your amulet of the acrobat. x5
You finish putting on your amulet of the acrobat.
You feel ready to tumble and roll out of harm's way.
g - an amulet of the acrobat (around neck)
Things that are here:
2 stones; a bat corpse A rat comes into view.
The rat moves out of view.
You barely miss the rat. The rat barely misses you. The rat bites you.
You closely miss the rat. The rat closely misses you.
You barely miss the rat. The rat bites you but does no damage.
Your -1 mace of flaming stops flaming.
Your +0 short sword of venom begins to drip with poison!
f - a +0 short sword of venom (weapon)
You hit the rat.
You kill the rat!
A goblin comes into view. It is wielding a +2 dagger of venom.
The goblin shouts!
You see here a rat corpse.
A goblin is nearby!
Found a stone staircase leading down.
The goblin closely misses you.
You barely miss the goblin.
The goblin hits you with a +2 dagger of venom.
You are poisoned.
A hobgoblin comes into view.
You barely miss the goblin.
You feel very sick.
The hobgoblin shouts!
The goblin hits you with a +2 dagger of venom.
You are lethally poisoned!
You barely miss the goblin.
* * * LOW HITPOINT WARNING * * *
You feel very sick.
The goblin hits you with a +2 dagger of venom.
* * * LOW HITPOINT WARNING * * *
You are more poisoned.
You closely miss the goblin.
You die...

#> #. #.## .#
# # ... .#
..#.#..####.#
..g........#
......g....#
.......@...#
#
......#....#
..... #....##
#~~ ....
#...†.## #~~
... #......#
#÷~ ..
#....#.# #~~
. #....#.#
#~~
#....#.###
#~~
#....#...###
#~~


You could see a hobgoblin and a goblin.

Vanquished Creatures
  2 goblins (D:1)
  2 kobolds (D:1)
  A quokka (D:1)
  A bat (D:1)
  A frilled lizard (D:1)
  2 rats (D:1)
9 creatures vanquished.

Notes
Turn   | Place    | Note
-------+----------+-------------------------------------------
     0 | D:1      | SnakkuSnakku7 the Human Cinder Acolyte began the quest for
                  | the Orb.
     0 | D:1      | Reached XP level 1. HP: 18/18 MP: 2/2
   244 | D:1      | Reached XP level 2. HP: 21/24 MP: 3/3
   591 | D:1      | Succumbed to a goblin's poison

Illustrated notes

Levels and vault maps discovered:
D:1:      saegor_arrival_miasma, layout_basic, minmay_split_cup_large

Action                     || total
---------------------------++-------
  Melee: Mace              ||    31
         Short sword       ||     5
 Armour: Robe              ||    13
  Dodge: Dodged            ||    23
